 Dungeon Crawl Stone Soup version 0.30.0-19-g36f170ea60 (webtiles) character file.

Game seed: 18251801397411223125

130 Brutalitops the Slasher (level 4, -3/28 HPs)
             Began as a Deep Elf Berserker on May 31, 2023.
             Was a Believer of Trog.
             Splashed by a jelly's acid (8 damage)
             ... on level 4 of the Dungeon.
             The game lasted 00:07:39 (2921 turns).

Brutalitops the Slasher (Deep Elf Berserker)        Turns: 2921, Time: 00:07:40

Health: -3/28      AC: -4    Str: 16    XL:     4   Next: 89%
Magic:  6/6        EV: 10    Int: 12    God:    Trog [**....]
Gold:   181        SH:  3    Dex: 14    Spells: 3/3 levels left

rFire   + + .        a - +0 falchion (elec)
rCold   . . .        o - +0 buckler
rNeg    . . .        q - +0 scale mail
rPois   .            h - +0 hat
rElec   .            (no cloak)
rCorr   .            g - +0 pair of gloves
SInv    .            (no boots)
Will    .....        (no amulet)
Stlth   +            (no ring)
HPRegen 0.24/turn    w - ring of Dol Nof {Fly rF++}
MPRegen 0.10/turn

%: no passive effects
@: corroded, flying
A: no striking features
a: Renounce Religion, Berserk, Trog's Hand


You were on level 4 of the Dungeon.
You worshipped Trog.
Trog was pleased with you.
You visited 1 branch of the dungeon, and saw 4 of its levels.

You collected 181 gold pieces.

Inventory:

Hand Weapons
 a - a +0 falchion of electrocution (weapon)
Missiles
 t - 2 boomerangs (quivered)
Armour
 g - a +0 pair of gloves (worn)
 h - a +0 hat (worn)
 o - a +0 buckler (worn)
 q - a +0 scale mail (worn)
Jewellery
 j - a ring of ice
 w - the ring of Dol Nof (right hand) {Fly rF++}
   (You found it on level 4 of the Dungeon)

   [ring of flight]

   rF:        It greatly protects you from fire.
   Fly:       It grants you flight.
Wands
 r - a wand of digging (4)
Scrolls
 d - a scroll of teleportation
 e - 2 scrolls of blinking
 f - a scroll of magic mapping
 s - a scroll of summoning {unknown}
 v - a scroll of acquirement {unknown}
Potions
 b - a potion of mutation
 c - a potion of lignification {unknown}
 i - 3 potions of curing
 k - a potion of cancellation {unknown}
 l - a potion of flight {unknown}
 m - a potion of attraction {unknown}
 n - a potion of degeneration {unknown}
 p - a potion of ambrosia {unknown}
 u - a potion of berserk rage {unknown}


   Skills:
 + Level 3.1 Fighting
 + Level 4.0 Long Blades
 + Level 1.7 Armour
 + Level 2.9 Dodging
 + Level 1.9 Stealth
 + Level 0.2 Shields


You had 3 spell levels left.
You didn't know any spells.
Your spell library was empty.

Dungeon Overview and Level Annotations

Branches:
Dungeon (4/15)
 Temple: D:4-7

Altars:

Annotations:
D:4 1 runed translucent door, phonic's ghost, amateur SpHs


Message History

You kill the dart slug!
Trog accepts your kill.
You see here a dart slug corpse.
A ball python comes into view.
The ball python hisses angrily.
The ball python closely misses you. The ball python barely misses you.
You closely miss the ball python.
The ball python bites you but does no damage.
The ball python grabs you. The ball python constricts you.
You hit the ball python.
You kill the ball python!
Trog accepts your kill.
You see here a ball python corpse.
Found a runed translucent door.
Found a book of Debilitation.
Found 2 boomerangs.
The adder hisses angrily.
Phonic's ghost turns its malevolent gaze towards you.
The ball python hisses angrily.
A worm comes into view.
You hit the worm but do no damage. Lightning courses through the worm!
The worm is severely wounded.
You hit the worm. Lightning courses through the worm!
You kill the worm!
Trog accepts your kill.
You see here a worm corpse.
A jelly comes into view.
The jelly quivers.
You see here a silvery potion.
You hit the jelly. The acid corrodes you!
Your hands burn!
The jelly is moderately wounded.
The jelly hits you. The acid corrodes you!
You are splashed with acid!
The jelly attacks as you move away! The jelly hits you. The acid corrodes you!
You are splashed with acid!
* * * LOW HITPOINT WARNING * * *
You see here a silvery potion.
The jelly attacks as you move away! The jelly hits you.
* * * LOW HITPOINT WARNING * * *
You are splashed with acid!
You die...

#########################
.........................
.†..............@J.......
#.....#######............
####### #............
....... #######...###
....... ...# .......
..... ....... .....
####### ...## ##


You could see a jelly.

Vanquished Creatures
  3 adders
  3 gnolls (D:4)
  An ufetubus (D:4)
  3 worms
  A dart slug (D:4)
  8 endoplasms
  A giant cockroach (D:3)
  6 goblins
  6 hobgoblins
  6 jackals (D:1)
  2 quokkas
  5 ball pythons
  2 bats (D:1)
  2 frilled lizards
  3 kobolds
  5 rats
57 creatures vanquished.

Notes
Turn   | Place    | Note
-------+----------+-------------------------------------------
     0 | D:1      | Brutalitops the Deep Elf Berserker began the quest for the
                  | Orb.
     0 | D:1      | Reached XP level 1. HP: 13/13 MP: 3/3
   305 | D:1      | Reached XP level 2. HP: 18/18 MP: 4/4
   356 | D:1      | Reached skill level 3 in Long Blades
   999 | D:2      | Reached XP level 3. HP: 22/22 MP: 5/5
  1101 | D:2      | Reached ** piety under Trog
  1941 | D:3      | Reached skill level 1 in Stealth
  2095 | D:3      | Reached XP level 4. HP: 12/27 MP: 6/6
  2586 | D:4      | Reached skill level 4 in Long Blades
  2758 | D:4      | Identified the ring of Dol Nof {Fly rF++}
  2865 | D:4      | Found a runed translucent door.
  2875 | D:4      | Noticed phonic's ghost (amateur SpHs)
  2921 | D:4      | Splashed by a jelly's acid

Illustrated notes

Levels and vault maps discovered:
D:1:      lightli_arrival_noodles, layout_loops_corners, hangedman_decor_growths
D:2:      layout_loops_corners, serial_park_tiny_1
D:3:      layout_rooms, hangedman_feature_mirror
D:4:      layout_gridville, ebering_ghost_sewer_f, solitary_fountain

Skill      XL: |  1  2  3  4 |
---------------+-------------+-----
Long Blades    | 3 4 |  4.0
Stealth        | 1 |  1.9
Fighting       | 3 |  3.1
Armour         | |  1.7
Dodging        | |  2.9
Shields        | |  0.2

Action                     |  1- 3 |  4- 6 || total
---------------------------+-------+-------++-------
  Melee: Falchion          |   102 |    44 ||   146
 Invoke: Berserk           |     1 |     1 ||     2
    Use: Scroll            |     7 |     3 ||    10
   Stab: Sleeping          |     5 |       ||     5
 Armour: Animal skin       |    10 |       ||    10
         Scale mail        |       |     9 ||     9
  Dodge: Dodged            |    59 |    13 ||    72
  Block: Buckler           |     5 |     3 ||     8
